 Dungeon Crawl Stone Soup version 0.21-a0-91-ga5031da (webtiles) character file.

6556 Ordine the Carver (level 11, -4/80 HPs)
             Began as an Octopode Fighter on June 30, 2017.
             Was a High Priest of Okawaru.
             Slain by a hippogriff (5 damage)
             ... on level 7 of the Dungeon.
             The game lasted 00:26:23 (11866 turns).

Ordine the Carver (Octopode Fighter)               Turns: 11866, Time: 00:26:24

Health: -4/80      AC:  1    Str: 17    XL:     11   Next: 1%
Magic:  11/11      EV: 13    Int: 10    God:    Okawaru [*****.]
Gold:   410        SH: 15    Dex: 14    Spells: 10/10 levels left

rFire    + . .     SeeInvis .   I - +4 scimitar
rCold    + . .     Gourm    .   J - +1 shield {rC+}
rNeg     . . .     Faith    .   (helmet restricted)
rPois    .         Spirit   .   k - +3 amulet of reflection
rElec    .         Reflect  +   m - ring of wizardry
rCorr    .         Harm     .   p - ring of protection from fire
MR       +....                  a - ring of protection from magic
Stlth    ++........             (no ring)
HPRegen  0.23/turn              (no ring)
MPRegen  0.12/turn              (no ring)
                                (no ring)
                                (no ring)

@: no status effects
A: almost no armour, stealthy swim, amphibious, 8 rings, constrict 8, camouflage
1, gelatinous body 1
a: Heroism, Finesse, Renounce Religion


You were on level 7 of the Dungeon.
You worshipped Okawaru.
Okawaru was extremely pleased with you.
You were hungry.

You visited 2 branches of the dungeon, and saw 10 of its levels.

You collected 410 gold pieces.

Inventory:

Hand Weapons
 q - a +0 blowgun
 I - a +4 scimitar (weapon)
Missiles
 g - 353 stones (quivered)
 i - 87 poisoned needles
 C - 4 tomahawks
Armour
 J - a +1 shield of cold resistance (worn)
Magical Staves
 z - an uncursed staff of earth
Jewellery
 a - a ring of protection from magic (on tentacle)
 k - a +3 amulet of reflection (around mantle)
 m - a ring of wizardry (left tentacle)
 p - a ring of protection from fire (right tentacle)
 t - an uncursed amulet of harm
Wands
 r - a wand of acid (5/15)
 u - a wand of flame (24/48)
 y - a wand of random effects (18/48)
 F - a wand of enslavement (14/24)
 G - a wand of scattershot (5/9)
Scrolls
 e - a scroll of holy word
 h - 6 scrolls of remove curse
 l - a scroll of blinking
 s - 2 scrolls of fear
 v - 4 scrolls of teleportation
 w - 2 scrolls of recharging
 D - 2 scrolls of magic mapping
 K - a scroll of amnesia
Potions
 c - a potion of might
 j - a potion of agility
 n - 4 potions of curing
 A - 2 potions of haste
 B - a potion of cancellation {unknown}
 E - a potion of heal wounds {unknown}
 H - a potion of mutation {unknown}
Comestibles
 d - 5 bread rations
 f - 8 royal jellies
 o - a fruit
 x - 3 meat rations


   Skills:
 + Level 9.0 Fighting
 * Level 11.5 Long Blades
 - Level 3.0 Dodging
 + Level 8.7 Shields


You had 10 spell levels left.
You didn't know any spells.

Dungeon Overview and Level Annotations

Branches:
Dungeon (9/15)             Temple (1/1) D:5
   Lair: D:8-11         Orc: D:9-12

Altars:
Ashenzari
Cheibriados
Dithmenos
Elyvilon
Fedhas
Gozag
Hepliaklqana
Kikubaaqudgha
Makhleb
Nemelex Xobeh
Okawaru
Qazlal
Ru
Sif Muna
Trog
Uskayaw
Vehumet
Wu Jian
Xom
Yredelemnul
Zin
The Shining One


Innate Abilities, Weirdness & Mutations

You cannot wear most types of armour.
You are very stealthy in the water. (Stealth+)
You are amphibious.
You can wear up to eight rings at the same time.
You can use your tentacles to constrict eight enemies at once.
Your skin changes colour to match your surroundings (Stealth+).
Your rubbery body absorbs attacks. (AC +1, EV +1)


Message History

* * * LOW HITPOINT WARNING * * *
There is an open door here.
There is a stone staircase leading up, spattered with blood here.
Things that are here:
a plate armour; a halberd The hippogriff misses you.
You block the hippogriff's attack. The hippogriff closely misses you.
You climb upwards.
There is a stone staircase leading down here.
You hit the hippogriff.
The hippogriff is heavily wounded.
You block the hippogriff's attack. The hippogriff pecks you!
* * * LOW HITPOINT WARNING * * *
The hippogriff barely misses you.
You slash the hippogriff!
The hippogriff is severely wounded.
The hippogriff bites you!
* * * LOW HITPOINT WARNING * * *
You block the hippogriff's attack. The hippogriff claws you.
You die...

..##########.#..#########.#
..# #..#.##........# ..#
#########.#+##.######## ..#
#..............# ..#
#..............# ..#
#..............# ..#
#..............#
###############..#)#
...............H@#[#
.....####....#####.# .....#
#....# #.# .....# #....# #.#
.....# ###### #.#
.....#############.# ###
...................# #<#
.....######################.##
..........# #...........#


You could see a hippogriff.

Vanquished Creatures
  2 two-headed ogres
  A troll (D:9)
  2 hippogriffs (D:8)
  4 hogs (D:8)
  A human (D:8)
  2 wyverns (D:8)
  5 orc warriors
  2 ice beasts (D:6)
  3 necrophages
  2 phantoms
  3 ogres
  2 centaurs
  A big kobold (D:8)
  7 bullfrogs
  3 scorpions
  4 wights
  A howler monkey (D:4)
  7 crimson imps
  3 quasits
  A centaur zombie (D:6)
  4 orc priests
  5 hounds
  2 jellies
  8 orc wizards
  3 bullfrog skeletons
  Ijyb (D:3)
  5 worker ants
  An iguana (D:6)
  A worker ant zombie (D:6)
  2 gnolls
  A howler monkey zombie (D:7)
  5 adders
  A shadow imp (D:8)
  2 adder zombies
  3 oozes
  An adder skeleton (D:8)
  4 worms
  2 dart slugs
  9 leopard geckos
  30 orcs
  7 bats
  4 giant cockroaches
  4 hobgoblins
  10 jackals
  5 quokkas
  A ball python (D:1)
  6 frilled lizards
  8 goblins
  10 kobolds
  8 rats
209 creatures vanquished.

Vanquished Creatures (others)
  An orc (D:3)
1 creature vanquished.

Grand Total: 210 creatures vanquished

Notes
Turn   | Place    | Note
-------+----------+-------------------------------------------
     0 | D:1      | Ordine the Octopode Fighter began the quest for the Orb.
     0 | D:1      | Reached XP level 1. HP: 16/16 MP: 1/1
    97 | D:1      | Reached XP level 2. HP: 19/21 MP: 2/2
  1047 | D:2      | Reached XP level 3. HP: 25/26 MP: 3/3
  1129 | D:2      | Reached skill level 3 in Long Blades
  1548 | D:3      | Reached XP level 4. HP: 31/31 MP: 4/4
  1881 | D:3      | Noticed Ijyb
  1890 | D:3      | Killed Ijyb
  1890 | D:3      | Reached XP level 5. HP: 22/37 MP: 5/5
  2744 | D:4      | Reached skill level 4 in Long Blades
  3154 | D:5      | Entered Level 5 of the Dungeon
  3163 | D:5      | Reached XP level 6. HP: 37/43 MP: 6/6
  3229 | D:5      | Found a staircase to the Ecumenical Temple.
  3239 | Temple   | Entered the Ecumenical Temple
  3264 | Temple   | Became a worshipper of Warmaster Okawaru
  4474 | D:6      | Noticed an ice beast
  4668 | D:6      | Found an opulent altar of Gozag.
  4688 | D:5      | Reached skill level 5 in Long Blades
  4688 | D:5      | Reached XP level 7. HP: 26/49 MP: 7/7
  4886 | D:6      | Reached skill level 5 in Fighting
  4888 | D:6      | Reached * piety under Okawaru
  4888 | D:6      | Reached skill level 5 in Shields
  5512 | D:6      | Reached skill level 6 in Long Blades
  5777 | D:6      | HP: 2/50 [ice beast (14)]
  5784 | D:6      | Reached XP level 8. HP: 5/56 MP: 8/8
  6170 | D:6      | Reached ** piety under Okawaru
  6221 | D:6      | Reached skill level 7 in Long Blades
  7069 | D:7      | Reached XP level 9. HP: 4/63 MP: 9/9
  7402 | D:7      | Reached skill level 8 in Long Blades
  7953 | D:7      | Reached *** piety under Okawaru
  8652 | D:8      | Reached skill level 9 in Long Blades
  8695 | D:8      | Reached **** piety under Okawaru
  8739 | D:8      | Reached XP level 10. HP: 23/72 MP: 10/10
  9022 | D:8      | Reached skill level 10 in Long Blades
  9596 | D:8      | Noticed a two-headed ogre
 10013 | D:8      | Killed a two-headed ogre
 10013 | D:8      | Reached ***** piety under Okawaru
 10454 | D:8      | Found an ornate altar of the Wu Jian Council.
 10762 | D:9      | Reached skill level 11 in Long Blades
 10813 | D:9      | Received a gift from Okawaru
 11278 | D:9      | Noticed a two-headed ogre
 11344 | D:9      | Killed a two-headed ogre
 11344 | D:9      | Reached XP level 11. HP: 47/80 MP: 11/11
 11866 | D:7      | HP: 1/80 [hippogriff (11)]
 11866 | D:7      | Slain by a hippogriff

Vault maps used:
D:1:      evilmike_arrival_hilbert_curve, st_stairs_4
D:2:      first_bread, hex_medium
D:3:      uniq_ijyb
D:4:      minmay_misc_feat_diagonals, kennysheep_generic_room_6
D:5:      minmay_temple_entry_overgrown, kennysheep_windowed_goal
D:6:      cheibrodos_fzero, minmay_ruined_shrine
D:8:      overflow_temple_1_default, grunt_livestock
Temple:   nicolae_temple_the_god_donut

Skill      XL: |  1  2  3  4  5  6  7  8  9 10 |
---------------+-------------------------------+-----
Long Blades    | 3 4 5 6 7 9 11 | 11.5
Fighting       | 4 5 6 7 9 |  9.0
Shields        | 4 5 6 7 8 |  8.7
Dodging        | |  3.0

Action                   |  1- 3 |  4- 6 |  7- 9 | 10-12 || total
-------------------------+-------+-------+-------+-------++-------
Melee: Long sword        |    63 |    89 |   205 |       ||   357
       Constrict         |    18 |    37 |    47 |    32 ||   134
       Tentacles         |    11 |    23 |    69 |    43 ||   146
       Scimitar          |       |       |    30 |   152 ||   182
Throw: Stone             |       |       |    10 |     3 ||    13
  Use: Scroll            |     7 |     6 |     3 |     5 ||    21
       Potion            |       |       |     3 |     2 ||     5
 Stab: Sleeping          |    13 |     6 |     4 |     4 ||    27
  Eat: Chunk             |     2 |     6 |    13 |     4 ||    25
       Fruit             |       |     3 |     2 |       ||     5
       Bread ration      |       |       |       |     1 ||     1
Armor: Skin              |     1 |     4 |    16 |     3 ||    24
Dodge: Dodged            |    14 |    43 |    77 |    72 ||   206
Block: Shield            |    24 |    58 |   135 |   134 ||   351
       Reflection        |     1 |     3 |     2 |     2 ||     8
       Rpst.: Long sword |     4 |    13 |    16 |       ||    33
       Scimitar          |       |       |     3 |    16 ||    19
